General information
- name: BNet
- type: Ladder team game (AT/RT)
- host: Battle.net
- saver: Clasico
map: MarketSquare
- players: 8
- length: 44:26
- speed: Fast
- version: 1.28 W3XP
- replay type: Public
» download(374 KB)
Players
team 1 (loser)
GHOULS (
green | 90 APM | 3997 actions | 44:24)
6 Death Knight
3 Death Coil
3 Unholy Aura
4 Lich
3 Frost Nova
1 Frost Armor
1 Crypt Lord
1 Impale
» actions
| Assign group hotkey | 47 | |
| Basic commands | 42 | |
| Build / train | 111 | |
| Enter build submenu | 25 | |
| Enter hero's abilities submenu | 16 | |
| Give item / drop item | 4 | |
| Right click | 1765 | |
| Select / deselect | 926 | |
| Select group hotkey | 926 | |
| Use ability | 135 | |
3997 total
» units
| Acolyte | 12 | |
| Ghoul | 4 | |
| Crypt Fiend | 31 | |
| Abomination | 6 | |
| Frost Wyrm | 2 | |
| Obsidian Statue | 7 | |
62 total
» upgrades
| Web | 2 | |
| Burrow | 1 | |
| Disease Cloud | 1 | |
| Destroyer Form | 1 | |
5 total
» buildings
| Graveyard | 1 | |
| Crypt | 1 | |
| Altar of Darkness | 1 | |
| Ziggurat | 11 | |
| Tomb of Relics | 1 | |
| Nerubian Tower | 1 | |
| Halls of the Dead | 1 | |
| Sacrificial Pit | 2 | |
| Slaughterhouse | 2 | |
| Black Citadel | 4 | |
| Boneyard | 2 | |
27 total
» build order
00:05 Graveyard
00:06 Crypt
00:40 Altar of Darkness
00:56 Ziggurat
01:22 Tomb of Relics
01:59 Ziggurat
03:27 Nerubian Tower
04:23 Halls of the Dead
05:00 Ziggurat
06:41 Ziggurat
08:09 Ziggurat
08:11 Ziggurat
08:21 Sacrificial Pit
08:24 Slaughterhouse
08:25 Slaughterhouse
08:55 Black Citadel
08:55 Black Citadel
10:01 Black Citadel
10:01 Black Citadel
14:21 Sacrificial Pit
15:45 Boneyard
15:47 Boneyard
15:57 Ziggurat
15:58 Ziggurat
16:00 Ziggurat
24:12 Ziggurat
28:49 Ziggurat
» items
| Rod of Necromancy | 2 | |
| Dust of Appearance | 1 | |
| Scroll of Town Portal | 5 | |
| Orb of Corruption | 2 | |
10 total

»
In-the-Hole (
purple | 39 APM | 231 actions | 05:54)
2 Death Knight
1 Death Coil
1 Unholy Aura
» actions
| Build / train | 15 | |
| Enter build submenu | 8 | |
| Enter hero's abilities submenu | 2 | |
| Right click | 114 | |
| Select / deselect | 80 | |
| Use ability | 12 | |
231 total
» units
| Acolyte | 2 | |
| Ghoul | 2 | |
| Crypt Fiend | 4 | |
8 total
» buildings
| Crypt | 1 | |
| Graveyard | 1 | |
| Ziggurat | 3 | |
| Altar of Darkness | 2 | |
| Tomb of Relics | 1 | |
| Nerubian Tower | 2 | |
| Halls of the Dead | 1 | |
11 total
» build order
00:32 Crypt
00:42 Graveyard
01:04 Ziggurat
01:21 Altar of Darkness
01:25 Altar of Darkness
01:47 Tomb of Relics
02:37 Ziggurat
02:59 Nerubian Tower
03:04 Ziggurat
04:01 Nerubian Tower
04:45 Halls of the Dead
» items
GERALT-0F-RIVIA (
yellow | 67 APM | 2968 actions | 44:24)
10 Blademaster
3 Wind Walk
3 Critical Strike
1 Bladestorm
3 Mirror Image
2 Death Knight
1 Unholy Aura
1 Death Pact
» actions
| Assign group hotkey | 48 | |
| Basic commands | 148 | |
| Build / train | 67 | |
| Enter build submenu | 34 | |
| Enter hero's abilities submenu | 11 | |
| Give item / drop item | 2 | |
| Right click | 1129 | |
| Select / deselect | 341 | |
| Select group hotkey | 925 | |
| Use ability | 263 | |
2968 total
» units
| Peon | 20 | |
| Grunt | 3 | |
| Wind Rider | 8 | |
| Troll Batrider | 3 | |
34 total
» upgrades
| Reinforced Defenses | 1 | |
| Ranged Weapons | 2 | |
| Armor | 2 | |
| Liquid Fire | 1 | |
| Ensnare | 1 | |
7 total
» buildings
| Altar of Storms | 1 | |
| Orc Burrow | 6 | |
| Barracks | 1 | |
| Voodoo Lounge | 1 | |
| Stronghold | 2 | |
| War Mill | 2 | |
| Great Hall | 2 | |
| Watch Tower | 27 | |
| Beastiary | 3 | |
| Fortress | 1 | |
46 total
» build order
00:07 Altar of Storms
00:18 Orc Burrow
00:36 Barracks
01:23 Orc Burrow
01:55 Voodoo Lounge
03:23 Stronghold
03:23 Stronghold
03:54 War Mill
04:20 Great Hall
04:40 Orc Burrow
04:47 Orc Burrow
05:16 Watch Tower
05:17 Watch Tower
06:19 Watch Tower
06:32 Beastiary
07:07 Fortress
07:40 Beastiary
08:28 Watch Tower
10:05 Great Hall
10:58 Beastiary
11:48 Orc Burrow
12:24 Watch Tower
12:24 Watch Tower
12:25 Watch Tower
12:26 Watch Tower
13:28 Watch Tower
13:30 Watch Tower
13:56 Watch Tower
15:20 Watch Tower
15:20 Watch Tower
15:20 Watch Tower
15:21 Watch Tower
16:28 Watch Tower
20:01 Watch Tower
20:01 Watch Tower
20:02 Watch Tower
20:02 Watch Tower
20:03 Watch Tower
20:03 Watch Tower
20:42 Orc Burrow
21:28 War Mill
21:56 Watch Tower
23:17 Watch Tower
23:18 Watch Tower
24:49 Watch Tower
24:49 Watch Tower
» items
| Healing Salve | 3 | |
| Staff of Teleportation | 1 | |
| Scroll of Town Portal | 2 | |
| Orb of Lightning | 1 | |
| Potion of Mana | 1 | |
8 total

»
heffster (
teal | 26 APM | 990 actions | 37:45)
5 Pit Lord
2 Rain of Fire
1 Cleaving Attack
2 Howl of Terror
4 Goblin Tinker
2 Cluster Rockets
1 Engineering Upgrade
1 Pocket Factory
1 Crypt Lord
1 Spiked Carapace
1 Death Knight
1 Animate Dead
1 Lich
1 Frost Armor
» actions
| Assign group hotkey | 14 | |
| Build / train | 83 | |
| Enter build submenu | 40 | |
| Enter hero's abilities submenu | 13 | |
| Remove unit from queue | 1 | |
| Right click | 403 | |
| Select / deselect | 360 | |
| Select group hotkey | 22 | |
| Use ability | 54 | |
990 total
» units
| Peasant | 9 | |
| Footman | 8 | |
| Priest | 5 | |
| Rifleman | 1 | |
| Knight | 4 | |
| Flying Machine | 24 | |
51 total
» upgrades
| Lumber Harvesting | 2 | |
| Priest Training | 2 | |
| Animal War Training | 1 | |
| Flak Cannons | 1 | |
| Flying Machine Bombs | 1 | |
| Swords | 1 | |
| Plating | 2 | |
| Gunpowder | 1 | |
11 total
» buildings
| Keep | 1 | |
| Altar of Kings | 2 | |
| Farm | 14 | |
| Barracks | 3 | |
| Lumber Mill | 1 | |
| Blacksmith | 1 | |
| Scout Tower | 4 | |
| Arcane Tower | 1 | |
| Arcane Sanctum | 2 | |
| Castle | 1 | |
| Workshop | 5 | |
| Guard Tower | 2 | |
| Arcane Vault | 2 | |
39 total
» build order
01:50 Keep
01:54 Altar of Kings
02:09 Farm
02:16 Barracks
02:22 Lumber Mill
02:39 Blacksmith
02:47 Farm
03:00 Scout Tower
03:27 Farm
03:42 Arcane Tower
04:08 Farm
04:42 Barracks
04:51 Arcane Sanctum
06:21 Farm
06:25 Farm
06:52 Castle
07:28 Arcane Sanctum
07:31 Farm
08:55 Farm
09:15 Farm
10:15 Workshop
11:22 Scout Tower
11:25 Scout Tower
14:54 Guard Tower
16:29 Scout Tower
16:45 Farm
17:42 Arcane Vault
18:58 Guard Tower
22:11 Workshop
22:16 Workshop
22:25 Workshop
22:30 Workshop
24:26 Farm
29:05 Altar of Kings
30:07 Farm
30:51 Farm
31:46 Barracks
32:54 Farm
33:56 Arcane Vault
» items
team 2 (winner)
Deafbeing (
blue | 47 APM | 1864 actions | 39:27)
8 Demon Hunter
3 Evasion
1 Mana Burn
3 Immolation
1 Metamorphosis
» actions
| Assign group hotkey | 1 | |
| Build / train | 87 | |
| Enter build submenu | 22 | |
| Enter hero's abilities submenu | 8 | |
| Remove unit from queue | 2 | |
| Right click | 1296 | |
| Select / deselect | 382 | |
| Select group hotkey | 7 | |
| Use ability | 58 | |
1864 total
» units
| Wisp | 17 | |
| Hippogryph | 10 | |
| Chimaera | 21 | |
| Peon | 5 | |
| Shaman | 5 | |
| Wind Rider | 7 | |
65 total
» upgrades
| Strength of the Wild | 2 | |
| Corrosive Breath | 1 | |
| Reinforced Hides | 1 | |
4 total
» buildings
| Moon Well | 7 | |
| Altar of Elders | 1 | |
| Ancient of Wonders | 1 | |
| Tree of Ages | 1 | |
| Hunter's Hall | 1 | |
| Tree of Eternity | 1 | |
| Ancient of Wind | 1 | |
| Tree of Life | 4 | |
| Chimaera Roost | 3 | |
| Orc Burrow | 3 | |
23 total
» build order
00:18 Moon Well
01:04 Altar of Elders
02:00 Ancient of Wonders
02:13 Tree of Ages
02:21 Hunter's Hall
02:59 Moon Well
03:21 Moon Well
04:34 Tree of Eternity
04:37 Ancient of Wind
05:50 Moon Well
06:18 Tree of Life
07:08 Chimaera Roost
07:17 Chimaera Roost
08:10 Chimaera Roost
08:59 Moon Well
09:58 Moon Well
14:38 Tree of Life
18:59 Moon Well
25:21 Tree of Life
29:23 Orc Burrow
29:26 Orc Burrow
30:12 Tree of Life
30:36 Orc Burrow
» items
| Potion of Healing | 1 | |
| Scroll of Town Portal | 2 | |
| Potion of Lesser Invulnerability | 2 | |
| Orb of Venom | 1 | |
6 total
MrMal (
red | 29 APM | 1136 actions | 39:23)
7 Paladin
3 Divine Shield
2 Holy Light
1 Resurrection
1 Devotion Aura
» actions
| Assign group hotkey | 32 | |
| Basic commands | 113 | |
| Build / train | 109 | |
| Enter build submenu | 27 | |
| Enter hero's abilities submenu | 7 | |
| Remove unit from queue | 1 | |
| Right click | 359 | |
| Select / deselect | 403 | |
| Select group hotkey | 39 | |
| Use ability | 46 | |
1136 total
» units
| Peasant | 26 | |
| Footman | 6 | |
| Rifleman | 21 | |
| Mortar Team | 10 | |
| Siege Engine | 7 | |
| Demolisher | 6 | |
| Peon | 5 | |
81 total
» upgrades
| Gunpowder | 3 | |
| Armor | 2 | |
| Long Rifles | 1 | |
| Lumber Harvesting | 1 | |
| Masonry | 1 | |
| Fragmentation Shards | 1 | |
| Barrage | 1 | |
| Plating | 2 | |
12 total
» buildings
| Altar of Kings | 1 | |
| Barracks | 1 | |
| Farm | 12 | |
| Scout Tower | 4 | |
| Arcane Tower | 1 | |
| Lumber Mill | 1 | |
| Blacksmith | 1 | |
| Keep | 1 | |
| Guard Tower | 2 | |
| Town Hall | 3 | |
| Workshop | 2 | |
| Castle | 1 | |
30 total
» build order
00:22 Altar of Kings
00:38 Barracks
00:54 Farm
01:09 Scout Tower
01:29 Farm
01:50 Arcane Tower
01:55 Lumber Mill
02:14 Farm
02:56 Blacksmith
03:37 Farm
04:24 Farm
05:21 Scout Tower
05:38 Keep
05:51 Guard Tower
06:00 Scout Tower
06:03 Scout Tower
06:33 Guard Tower
06:46 Town Hall
09:32 Workshop
09:36 Workshop
10:43 Farm
10:50 Farm
12:50 Town Hall
16:35 Farm
17:24 Farm
17:26 Castle
18:39 Farm
19:32 Farm
20:12 Farm
29:20 Town Hall
» items
| Healing Salve | 1 | |
| Scroll of Town Portal | 1 | |
2 total
Clasico (
pink | 95 APM | 4209 actions | 44:26)
9 Blademaster
3 Wind Walk
3 Critical Strike
1 Bladestorm
2 Mirror Image
7 Shadow Hunter
3 Hex
3 Healing Wave
1 Big Bad Voodoo
» actions
| Assign group hotkey | 128 | |
| Basic commands | 164 | |
| Build / train | 134 | |
| ESC pressed | 1 | |
| Enter build submenu | 41 | |
| Enter hero's abilities submenu | 16 | |
| Give item / drop item | 21 | |
| Right click | 2024 | |
| Select / deselect | 579 | |
| Select group hotkey | 760 | |
| Use ability | 341 | |
4209 total
» units
| Peon | 13 | |
| Grunt | 4 | |
| Wind Rider | 8 | |
| Shaman | 2 | |
| Troll Witch Doctor | 2 | |
| Spirit Walker | 2 | |
| Tauren | 1 | |
32 total
» upgrades
| Melee Weapons | 3 | |
| Armor | 3 | |
| Berserker Strength | 1 | |
| Reinforced Defenses | 1 | |
| Envenomed Spears | 1 | |
| Ranged Weapons | 3 | |
| Pillage | 1 | |
| Shaman Training | 2 | |
| Witch Doctor Training | 2 | |
| Spiked Barricades | 3 | |
| Spirit Walker Training | 2 | |
| Backpack | 1 | |
| Ensnare | 1 | |
| War Drums Damage Increase | 1 | |
| Liquid Fire | 1 | |
26 total
» buildings
| Orc Burrow | 9 | |
| Altar of Storms | 1 | |
| Barracks | 1 | |
| Voodoo Lounge | 1 | |
| War Mill | 2 | |
| Stronghold | 2 | |
| Great Hall | 1 | |
| Watch Tower | 14 | |
| Fortress | 3 | |
| Beastiary | 3 | |
| Spirit Lodge | 2 | |
| Tauren Totem | 2 | |
41 total
» build order
00:12 Orc Burrow
00:14 Orc Burrow
00:58 Altar of Storms
01:28 Barracks
01:59 Voodoo Lounge
02:17 War Mill
03:44 Orc Burrow
04:31 Stronghold
04:31 Stronghold
05:09 Great Hall
05:56 Watch Tower
07:23 Watch Tower
07:24 Watch Tower
07:33 Watch Tower
07:36 Watch Tower
07:38 Fortress
07:38 Fortress
07:38 Fortress
08:34 Watch Tower
08:41 Beastiary
08:44 Beastiary
10:38 Watch Tower
10:39 Watch Tower
10:40 Watch Tower
11:38 Watch Tower
12:11 Orc Burrow
14:15 Spirit Lodge
14:18 Spirit Lodge
19:47 Watch Tower
20:09 Orc Burrow
20:56 Beastiary
21:55 Orc Burrow
42:04 Orc Burrow
42:05 Orc Burrow
42:14 Orc Burrow
42:20 Watch Tower
42:21 Watch Tower
42:24 Watch Tower
42:35 Tauren Totem
42:36 Tauren Totem
42:45 War Mill
» items
| Healing Salve | 8 | |
| Lesser Clarity Potion | 5 | |
| Orb of Lightning | 1 | |
| Staff of Teleportation | 2 | |
| Periapt of Vitality | 1 | |
| Potion of Lesser Invulnerability | 3 | |
| Scroll of Town Portal | 3 | |
| Potion of Invisibility | 2 | |
| Boots of Speed | 1 | |
| Potion of Mana | 3 | |
29 total
texas (
orange | 38 APM | 885 actions | 23:04)
5 Blademaster
2 Wind Walk
3 Critical Strike
» actions
| Basic commands | 12 | |
| Build / train | 55 | |
| Enter build submenu | 21 | |
| Enter hero's abilities submenu | 5 | |
| Remove unit from queue | 1 | |
| Right click | 373 | |
| Select / deselect | 361 | |
| Use ability | 57 | |
885 total
» units
| Peon | 13 | |
| Grunt | 6 | |
| Troll Batrider | 6 | |
| Raider | 6 | |
| Kodo Beast | 1 | |
| Shaman | 2 | |
34 total
» upgrades
| Spiked Barricades | 1 | |
| Ensnare | 1 | |
| Liquid Fire | 1 | |
| Pillage | 1 | |
| Shaman Training | 2 | |
| War Drums Damage Increase | 1 | |
7 total
» buildings
| Altar of Storms | 1 | |
| Orc Burrow | 4 | |
| Barracks | 1 | |
| Voodoo Lounge | 1 | |
| War Mill | 1 | |
| Watch Tower | 5 | |
| Stronghold | 2 | |
| Great Hall | 3 | |
| Beastiary | 2 | |
| Spirit Lodge | 1 | |
| Fortress | 1 | |
22 total
» build order
00:08 Altar of Storms
00:13 Orc Burrow
00:23 Barracks
01:45 Orc Burrow
01:58 Voodoo Lounge
02:19 War Mill
03:21 Orc Burrow
04:16 Watch Tower
04:40 Stronghold
04:40 Stronghold
05:16 Watch Tower
05:25 Watch Tower
06:47 Great Hall
07:11 Watch Tower
07:28 Beastiary
07:41 Spirit Lodge
08:07 Fortress
09:01 Beastiary
10:16 Orc Burrow
12:11 Watch Tower
21:01 Great Hall
21:08 Great Hall
» items
| Healing Salve | 1 | |
| Lesser Clarity Potion | 2 | |
| Potion of Healing | 1 | |
| Scroll of Protection | 1 | |
5 total
Chat log
(00:40 / All) Clasico: new maps in the coming days!
(00:43 / All) Clasico: month later jack shit
(00:45 / All) GHOULS: NAW NIGGA
(00:46 / Allies) texas: lol
(00:54 / All) GERALT-0F-RIVIA: woot new maps
(00:56 / All) GERALT-0F-RIVIA: gold rush
(01:08 / All) texas: old
(01:09 / All) Clasico: in a million years
(03:02 / All) GERALT-0F-RIVIA: texas with that pro harass
(05:54 / Allies) MrMal: gone
(06:16 / Allies) texas: give
(06:26 / Allies) Clasico: it's boots of speed
(06:28 / Allies) texas: give
(06:30 / Allies) Clasico: just buy one from goblin shop bro
(06:33 / Allies) texas: give
(06:34 / Allies) Clasico: retard
(06:39 / Allies) Deafbeing: wow
(06:46 / Allies) Clasico: buy boots from shop retard
(06:53 / Allies) texas: cief
(06:57 / Allies) Clasico: nope
(07:05 / All) Clasico: oj tking me because I won't give him boots of speed drop lol
(07:10 / All) Clasico: he can buy one from shop
(07:17 / All) texas: Steal ig rat
(07:26 / All) Clasico: I didn't steal
(07:29 / All) Clasico: My bm was there first
(07:30 / All) texas: lol
(07:33 / All) texas: wow
(07:43 / All) Clasico: Kill yourself
(07:56 / Allies) Clasico: let it die
(07:57 / Allies) Clasico: he's a tker
(07:58 / All) GERALT-0F-RIVIA: texas is mher
(08:02 / All) texas: LOL
(09:18 / All) GERALT-0F-RIVIA: oj hwer eu at
(09:22 / All) GERALT-0F-RIVIA: hacker
(09:24 / All) texas: LOL
(09:32 / All) Clasico: Oj is a retard who tks over boots of speed lol
(09:43 / All) texas: Steal lol
(10:38 / All) GERALT-0F-RIVIA: gj blue go after 2 grunts vs losing ur expo
(12:45 / Allies) Deafbeing: waiting onhero
(13:12 / Allies) Clasico: don't help oj
(13:14 / Allies) Clasico: he's a tker
(13:16 / Allies) Clasico: and total idiot
(13:17 / Allies) texas: lol
(13:18 / Allies) texas: gg
(13:19 / Allies) Clasico: complete trash
(13:23 / Allies) Clasico: leave oj
(13:35 / Allies) texas: lol
(13:49 / Allies) Clasico: look at my bm's items vs yours orange lol
(13:52 / Allies) texas: lol
(14:05 / Allies) texas: gg
(14:07 / Allies) texas: lol
(14:11 / Allies) Clasico: done more than you all game
(14:18 / Allies) texas: for k lol
(14:53 / All) texas: LOL
(16:20 / All) texas: lool
(16:25 / Allies) texas: lol
(16:29 / Allies) Clasico: lol
(16:34 / Allies) texas: lol
(16:39 / Allies) Clasico: what you been doing all game
(16:40 / Allies) Clasico: oh yeah
(16:41 / Allies) Clasico: nothing
(16:45 / Allies) texas: 5k lol
(16:48 / All) texas: 5k lol
(16:52 / All) Clasico: jealous?
(16:58 / All) texas: LOL
(18:52 / All) GERALT-0F-RIVIA: green stfu noob the game isnt even over
(18:58 / All) Clasico: Green sucked big time lol
(18:59 / All) texas: LOL
(19:01 / All) Clasico: worse than oj
(19:08 / All) Clasico: I'll tk oj soon so chill it'll be even
(19:08 / All) GHOULS: i was controlling 2 ppl
(19:17 / All) texas: LOL
(19:18 / All) GHOULS: and noob
(19:20 / All) GHOULS: ass yellow
(19:34 / All) GHOULS: is busy getting lvl 5
(19:36 / All) GHOULS: on his shitty bm
(19:41 / All) GERALT-0F-RIVIA: quit being a baby green jez
(19:54 / All) Clasico: all I hear is wahhh wahhh
(21:13 / All) Clasico: Bad boy oj
(21:19 / All) texas: LOL
(21:47 / All) GERALT-0F-RIVIA: red ur being a dumb nub
(21:53 / All) MrMal: ok
(22:13 / All) texas: LOL
(22:37 / All) texas: LOL
(22:39 / All) texas: waaaaa
(22:50 / Allies) MrMal: come blue
(22:51 / All) Clasico: tker down
(22:53 / All) Clasico: hacker down
(22:55 / All) texas: LOL
(22:57 / All) texas: loL
(23:12 / Allies) MrMal: pink lets hit
(24:38 / All) GERALT-0F-RIVIA: watch green start to whine again
(24:42 / All) GERALT-0F-RIVIA: soon as something doesnt go his way
(24:55 / All) GHOULS: Yellow keeps dodging 1v1
(25:16 / All) GERALT-0F-RIVIA: im out playing you and im not even spending my 11k gold lawl
(29:00 / All) GERALT-0F-RIVIA: green sitll wants to 1v1 me
(29:04 / All) GERALT-0F-RIVIA: even though im doing a 1v4
(29:11 / All) GHOULS: i diont think'
(29:20 / All) GHOULS: he saw me fight 3 guys
(30:14 / All) GHOULS: so yellow
(30:15 / All) GHOULS: 1v1?
(30:19 / All) GHOULS: trash?
(30:24 / All) Clasico: he'd win
(30:24 / All) GERALT-0F-RIVIA: green is defending me because he realizes im his superior
(30:25 / All) Clasico: you suck
(30:41 / All) GHOULS: pink u just got wooped
(31:21 / All) GERALT-0F-RIVIA: allies never give me credit
(31:25 / All) GERALT-0F-RIVIA: ive been pro this game
(31:27 / All) GERALT-0F-RIVIA: cant admit it
(32:10 / Allies) MrMal: wanna spear some gold pink?
(32:21 / Allies) Clasico: no
(32:25 / Allies) MrMal: ok
(33:14 / All) Clasico: lol
(33:16 / All) Clasico: red is good
(33:35 / All) MrMal: lol
(34:09 / All) GERALT-0F-RIVIA: yes ur real pro green lawl
(34:14 / All) GERALT-0F-RIVIA: pink > u
(34:29 / All) GHOULS: yellow still dodging
(34:59 / All) Clasico: can't hide from me, purp
(37:46 / All) Clasico: Everyone listen up
(37:50 / All) Clasico: me and yellow were in this together
(37:56 / All) Clasico: wére going to give you all equal chances at victory
(38:01 / All) Clasico: we're going to kill everything including our own unit
(38:02 / All) Clasico: s
(38:06 / All) Clasico: and leave only buildings left
(38:12 / All) Clasico: you can leave your PCs on all night for the win sound fair?
(38:18 / All) Clasico: green, red, blue
(38:23 / All) MrMal: really
(38:27 / All) Clasico: yep
(38:32 / All) Clasico: will you do it for the win?
(38:34 / Allies) MrMal: reason for it?
(38:34 / All) GERALT-0F-RIVIA: it is known
(38:40 / Allies) Clasico: fun
(38:45 / Allies) Deafbeing: cuz they idiaots
(38:45 / Allies) MrMal: not really
(38:48 / All) GHOULS: u both suck
(38:49 / Allies) Clasico: for us
(38:50 / All) GHOULS: not surprised
(38:51 / Allies) Clasico: it is
(38:53 / All) GHOULS: ill 1v1 either of u
(38:59 / Allies) Clasico: it's not all about you
(39:02 / All) MrMal: its actually kind of sad
(39:11 / All) GHOULS: yea its not hard to use a bm
(39:13 / All) GHOULS: and mass air
(39:13 / All) GERALT-0F-RIVIA: its a show of skill- 2v6
(39:30 / All) GERALT-0F-RIVIA: we have a 99.9% success rate doing 2v6's
(39:31 / All) Clasico: bad luck green
(39:32 / All) Clasico: You lose
(39:46 / All) GHOULS: gg im gunna leave this pc on
(39:48 / All) GERALT-0F-RIVIA: suk my dicky
(39:49 / All) GHOULS: i got another on
(39:54 / All) GHOULS: my laptop just as good
(40:09 / All) GERALT-0F-RIVIA: yes we're sure you'll be "afk" aka fuming at the screen
(40:17 / All) GHOULS: sure
(40:18 / All) GHOULS: gg
(40:22 / All) GHOULS: u both dodge my 1v1
(40:36 / All) Clasico: I already beat you here
(40:41 / All) GHOULS: u suck
(40:41 / All) GHOULS: LOL
(40:42 / All) Clasico: why do you want raped again?
(40:46 / All) GHOULS: kk sure nub
(40:49 / All) Clasico: got some kind of complex from it?
(40:51 / All) Clasico: rape fetish?
(41:07 / All) Clasico: I think green has a rape fetish from how hard he's been owned by us
(41:13 / All) Clasico: wants to be owned over and over solo now
(41:20 / All) GERALT-0F-RIVIA: u guys were tking each other and green still lost lawl
(41:28 / All) Clasico: Green been molested too many times and loves it now
(41:34 / All) Clasico: yeah lol
(41:44 / All) Clasico: Oj was basically sitting in his base and tking me over boots of speed
(41:47 / All) GERALT-0F-RIVIA: afk alt tabbed got everything qued up
(41:48 / All) Clasico: It wasn't even a good item he asked for
(44:14 / All) GERALT-0F-RIVIA: farewell noob green. we will laugh at your noobness when we go to bed tonight